Map: Incorporeal LE

Players

Serral

  • Race: Zerg Zerg
  • Spawn Location: 11:00

Classic - Winner!

  • Race: Protoss Protoss
  • Spawn Location: 5:00

Event: DreamHack Dallas 2025

VOD

Have the link to the VOD?

Description

Time

  • Played on: May 25, 2025, 12:16 p.m.
  • Length: 56:14

All games in this series

Show
View Real Time Build Order
Export as new Build Order

Serral Zerg 

Build Orders: Hatch First, Lurkers 

Get SALT Encoding   

  12  0:00  Drone  
  13  0:08  Drone  
  14  0:14  Drone, Extractor  
  15  0:21  Overlord  
  15  0:41  Drone  
  16  0:45  Hatchery  
  16  0:49  Drone  
  16  0:52  Drone  
  16  0:56  Drone  
  18  1:06  Extractor  
  18  1:11  Spawning Pool  
  16  1:14  Drone  
  16  1:17  Drone  
  18  1:28  Drone  
  19  1:37  Drone  
  20  1:48  Drone  
  21  1:57  Queen x2  
  21  1:58  Overlord  
  21  2:00  Zergling x2  
  26  2:09  Zergling x2  
  26  2:10  Drone  
  26  2:11  Metabolic Boost  
  28  2:19  Drone  
  28  2:20  Drone  
  30  2:30  Drone  
  30  2:32  Drone  
  30  2:33  Queen  
  34  2:44  Hatchery  
  34  2:48  Overlord  
  34  2:51  Drone  
  34  2:53  Drone  
  34  2:55  Zergling x2  
  36  3:03  Overlord  
  36  3:06  Drone  
  36  3:10  Drone x3  
  39  3:13  Drone  
  39  3:15  Queen  
  42  3:22  Queen  
  42  3:24  Drone  
  45  3:27  Spore Crawler  
  45  3:30  Spore Crawler  
  45  3:32  Zergling x2  
  45  3:33  Drone  
  45  3:35  Drone  
  45  3:37  Drone  
  45  3:39  Drone  
  45  3:40  Drone  
  49  3:44  Drone x2  
  49  3:48  Overlord  
  51  3:54  Drone  
  51  3:58  Drone  
  51  3:59  Drone x3  
  55  4:06  Zergling x2  
  55  4:07  Overlord  
  55  4:08  Drone x3  
  59  4:14  Overlord  
  60  4:17  Zergling x2  
  60  4:18  Drone  
  60  4:21  Lair  
  60  4:22  Drone  
  62  4:26  Roach Warren  
  62  4:29  Drone x2  
  63  4:34  Zergling x6  
  63  4:36  Overlord  
  66  4:41  Drone x2, Spore Crawler  
  66  4:42  Drone  
  66  4:43  Drone  
  66  4:44  Drone  
  70  4:46  Drone  
  70  4:48  Drone  
  70  4:51  Overlord  
  72  4:55  Zergling x6  
  72  4:56  Drone  
  76  5:03  Queen  
  76  5:04  Extractor  
  76  5:05  Zergling x2, Extractor  
  77  5:07  Drone  
  77  5:08  Drone x3, Overlord  
  77  5:09  Drone  
  77  5:12  Overlord  
  77  5:14  Overlord  
  82  5:16  Overlord  
  82  5:21  Drone  
  82  5:22  Drone  
  82  5:23  Overlord  
  84  5:28  Overlord  
  84  5:31  Hatchery, Evolution Chamber  
  84  5:32  Drone  
  84  5:33  Drone  
  84  5:34  Extractor  
  84  5:35  Overlord  
  83  5:38  Roach  
  83  5:41  Roach x2  
  89  5:45  Roach x2  
  89  5:48  Roach x2  
  97  5:52  Roach x3  
  97  5:55  Glial Reconstitution  
  97  5:56  Roach  
  103  6:00  Evolution Chamber  
  100  6:06  Roach x4  
  100  6:09  Roach x2  
  109  6:18  Roach x3  
  98  6:27  Drone x5  
  98  6:34  Drone  
  94  6:42  Drone x2  
  94  6:44  Drone x2  
  98  6:48  Drone, Overseer  
  98  6:53  Baneling Nest  
  98  6:54  Drone x2  
  98  6:55  Drone  
  98  7:00  Drone x2  
  103  7:05  Drone  
  103  7:07  Zerg Melee Weapons Level 1  
  104  7:11  Drone x3  
  107  7:16  Drone x2  
  107  7:19  Drone  
  107  7:22  Drone x4  
  114  7:25  Extractor  
  114  7:28  Drone x4  
  114  7:31  Drone  
  114  7:34  Drone x2  
  114  7:35  Drone x3  
  119  7:38  Centrifugal Hooks  
  119  7:40  Zergling x2  
  120  7:45  Zergling x10  
  120  7:47  Ravager x2  
  120  7:48  Ravager  
  128  7:51  Infestation Pit  
  128  7:53  Zergling x12  
  133  7:59  Hatchery  
  133  8:03  Spore Crawler  
  133  8:04  Drone x5  
  135  8:06  Overlord  
  135  8:07  Zergling x6  
  135  8:11  Zergling x6  
  141  8:16  Drone x3  
  141  8:17  Overlord  
  144  8:22  Zergling x2  
  145  8:28  Zergling x10  
  145  8:32  Hive  
  150  8:34  Overlord  
  150  8:35  Extractor  
  150  8:40  Drone x4  
  150  8:41  Zergling x10  
  156  8:46  Drone, Overlord  
  157  8:51  Zergling x2  
  157  8:52  Zergling x6, Hydralisk Den  
  157  8:55  Extractor  
  159  8:56  Overlord  
  159  8:59  Baneling x13  
  159  9:02  Zergling x2  
  159  9:03  Zergling x10  
  159  9:05  Baneling x10  
  159  9:09  Zergling x8, Roach x2  
  172  9:13  Roach  
  174  9:17  Zergling x6  
  162  9:24  Zergling x8, Roach x2  
  162  9:28  Zergling x8  
  162  9:29  Zerg Melee Weapons Level 2  
  163  9:31  Muscular Augments  
  163  9:33  Zergling x10  
  163  9:34  Overseer, Evolution Chamber  
  163  9:41  Drone  
  163  9:42  Drone x7  
  163  9:45  Drone  
  172  9:48  Baneling x3  
  172  9:56  Extractor  
  172  9:58  Drone x4, Lurker Den, Adrenal Glands  
  172  9:59  Zerg Missile Weapons Level 1  
  174  10:03  Spore Crawler  
  173  10:11  Hydralisk x7  
  186  10:22  Hydralisk x5  
  186  10:27  Drone x3  
  199  10:30  Hydralisk, Spore Crawler  
  199  10:33  Baneling x6  
  199  10:35  Grooved Spines, Extractor x2  
  199  10:36  Spine Crawler  
  199  10:37  Zergling x6  
  199  10:39  Pneumatized Carapace  
  199  10:41  Overseer  
  199  10:59  Zergling x2  
  199  11:00  Zergling x6  
  197  11:08  Seismic Spines  
  185  11:11  Lurker x2  
  185  11:12  Lurker x2  
  185  11:13  Drone  
  185  11:18  Zergling x10  
  194  11:23  Drone x2  
  194  11:25  Spine Crawler x2  
  194  11:26  Hydralisk  
  194  11:27  Lurker  
  194  11:28  Lurker x2  
  199  11:50  Hatchery  
  199  11:52  Lurker x7  
  195  11:57  Hydralisk x2  
  195  11:58  Zergling x12  
  192  12:03  Overlord  
  192  12:05  Adaptive Talons  
  192  12:07  Zerg Ground Armor Level 1, Zerg Missile Weapons Level 2  
  192  12:08  Zergling x10  
  181  12:13  Hydralisk x4  
  177  12:19  Overlord  
  176  12:25  Drone  
  176  12:28  Overseer  
  176  12:29  Lurker x2  
  179  12:32  Baneling x11  
  179  12:39  Spine Crawler  
  179  12:43  Zergling x24  
  190  12:47  Overseer x2  
  190  12:51  Hydralisk x2  
  190  12:52  Zergling x12  
  190  12:53  Spire  
  195  13:00  Hydralisk x2  
  195  13:01  Zergling x8  
  195  13:10  Hydralisk x2  
  195  13:11  Zergling x16  
  197  13:18  Overlord x3  
  193  13:20  Overlord x2  
  193  13:23  Overlord  
  187  13:32  Zergling x10  
  184  13:36  Hydralisk, Overlord x2  
  184  13:37  Hydralisk x2, Zergling x8  
  172  13:42  Overseer x3  
  160  13:54  Drone x4, Hatchery  
  161  13:57  Drone  
  161  14:00  Zergling x4  
  161  14:01  Zergling x6  
  161  14:11  Zerg Flyer Weapons Level 1  
  161  14:12  Corruptor x3  
  161  14:13  Corruptor x5  
  161  14:14  Hatchery  
  173  14:27  Corruptor x4  
  173  14:37  Corruptor x2  
  177  14:47  Corruptor x3  
  176  14:59  Baneling x5  
  176  15:00  Corruptor x3  
  176  15:04  Drone, Baneling  
  176  15:05  Drone x2  
  181  15:09  Hydralisk x2  
  181  15:14  Hydralisk  
  181  15:18  Zergling x10  
  180  15:23  Zergling x8  
  180  15:24  Baneling x2  
  180  15:28  Viper  
  180  15:31  Corruptor  
  180  15:33  Lurker  
  184  15:42  Corruptor x2  
  180  15:45  Drone  
  180  15:46  Drone x2  
  185  15:51  Lurker x4  
  187  16:01  Infestor x3  
  187  16:04  Zergling x6  
  194  16:08  Drone  
  194  16:09  Spore Crawler  
  194  16:13  Zergling x10  
  189  16:24  Zergling x8  
  192  16:28  Corruptor x2  
  192  16:30  Overseer  
  192  16:32  Corruptor  
  198  16:41  Corruptor  
  200  16:49  Greater Spire  
  200  16:52  Overlord  
  194  16:55  Nydus Network  
  179  17:03  Corruptor x3  
  179  17:09  Drone  
  179  17:12  Zergling x12  
  184  17:42  Infestor x2  
  184  17:43  Neural Parasite  
  184  17:44  Burrow  
  188  17:45  Zergling x16  
  193  17:52  Hatchery  
  192  18:04  Lurker  
  193  18:06  Overlord  
  193  18:07  Zerg Flyer Weapons Level 2  
  193  18:13  Spine Crawler  
  193  18:19  Hydralisk  
  192  18:20  Hydralisk x2  
  192  18:21  Overseer  
  192  18:24  Zerg Melee Weapons Level 3, Zerg Ground Armor Level 2  
  195  18:33  Nydus Canal  
  195  18:52  Overseer  
  194  18:59  Nydus Canal  
  194  19:00  Lurker x3  
  192  19:16  Extractor  
  190  19:17  Overlord, Extractor  
  186  19:32  Corruptor x4  
  186  19:36  Nydus Canal  
  191  19:55  Corruptor x2  
  191  19:56  Corruptor  
  191  19:58  Zergling x10  
  196  20:19  Hatchery  
  192  20:23  Zerg Flyer Armor Level 1  
  192  20:30  Brood Lord x3  
  192  20:31  Overseer  
  192  20:34  Spore Crawler  
  192  20:35  Spore Crawler x3  
  194  20:36  Spore Crawler  
  194  20:38  Brood Lord x3  
  199  20:45  Spore Crawler x2  
  195  21:15  Corruptor x5  
  190  21:21  Brood Lord x3  
  187  21:26  Brood Lord  
  187  21:29  Zergling x10  
  199  21:43  Brood Lord x3  
  199  21:45  Hatchery  
  199  22:09  Overseer x5  
  198  22:17  Zerg Flyer Weapons Level 3  
  198  22:33  Overseer x2, Corruptor  
  198  23:12  Spore Crawler  
  198  23:13  Spore Crawler  
  198  23:14  Spore Crawler  
  198  23:15  Spore Crawler x2  
  198  23:16  Spore Crawler  
  192  23:30  Infestor  
  192  23:31  Infestor x3  
  200  23:55  Spine Crawler  
  198  23:56  Spine Crawler  
  195  24:04  Queen  
  195  24:05  Queen  
  199  24:17  Nydus Canal  
  199  24:22  Zergling x2  
  195  24:53  Zergling x8  
  195  24:54  Zerg Flyer Armor Level 2  
  199  25:13  Hatchery  
  199  25:18  Corruptor  
  199  25:25  Drone x16  
  199  25:29  Infestor x8  
  199  25:46  Zergling x2  
  199  25:49  Hatchery  
  199  25:52  Zergling x4  
  196  26:17  Zergling x16  
  196  26:28  Infestor x6  
  193  26:42  Infestor x2  
  193  26:44  Zergling x4  
  199  26:59  Zergling x14  
  199  27:00  Zergling x2  
  196  27:22  Drone x3  
  198  27:49  Zergling x2  
  199  28:10  Zergling x20  
  199  28:44  Zergling x4  
  198  29:01  Zergling x6  
  198  29:02  Overseer  
  199  29:05  Zergling x2  
  197  29:10  Corruptor  
  198  29:19  Corruptor  
  198  29:20  Corruptor  
  199  29:27  Zergling x6  
  199  29:35  Zerg Flyer Armor Level 3  
  199  29:45  Infestor x8  
  199  30:31  Corruptor  
  191  30:35  Infestor x4  
  191  30:36  Infestor x3  
  195  30:46  Infestor x2  
  195  31:14  Corruptor x2  
  193  31:59  Zergling x20  
  197  32:20  Hatchery  
  193  32:36  Zergling x12  
  200  32:43  Corruptor  
  195  33:06  Corruptor x3  
  198  33:14  Hatchery  
  196  33:27  Zergling x8  
  199  33:59  Zergling x10  
  197  34:17  Corruptor  
  197  34:19  Hydralisk x3  
  197  34:20  Hydralisk  
  195  34:25  Zergling x10  
  200  34:43  Infestor x9  
  200  35:05  Hatchery  
  199  35:08  Zergling x2  
  200  35:22  Infestor x5  
  200  35:23  Infestor x4  
  200  35:34  Brood Lord  
  200  35:35  Corruptor  
  184  36:13  Infestor x4  
  184  36:16  Zergling x10  
  197  36:23  Hatchery  
  195  36:29  Zergling x8  
  199  36:46  Brood Lord  
  199  37:00  Corruptor, Spore Crawler x2  
  199  37:01  Spore Crawler x2  
  197  37:06  Hatchery  
  195  37:09  Brood Lord  
  195  37:13  Corruptor  
  199  37:42  Zergling x22  
  199  37:57  Corruptor, Viper  
  199  38:41  Zergling x4  
  197  39:04  Zergling x8  
  197  39:13  Zergling x6  
  197  39:25  Spore Crawler x3  
  197  39:26  Spore Crawler  
  197  39:28  Zergling x14  
  197  40:01  Zergling x8  
  198  40:45  Zergling x2  
  198  40:46  Zergling x2  
  200  40:52  Hatchery  
  198  40:58  Zergling x4  
  195  41:46  Zergling x12  
  199  41:49  Corruptor x2  
  199  42:00  Hatchery  
  197  42:18  Zergling x6  
  199  42:29  Zergling x4  
  196  42:38  Zergling x10  
  199  42:56  Zergling x4  
  199  43:20  Hatchery  
  199  43:26  Zergling x4  
  199  43:52  Corruptor  
  199  43:53  Corruptor x2  
  195  44:02  Corruptor  
  195  44:03  Corruptor  
  199  44:18  Zergling x2  
  200  44:28  Infestor x7  
  199  44:44  Queen x4  
  191  45:56  Queen x4  
  196  46:07  Queen x2  
  194  46:31  Queen  
  194  46:32  Queen x2  
  198  46:42  Queen  
  200  47:15  Infestor x8  
  197  47:23  Zergling x8  
  198  47:34  Zergling x6  
  200  47:41  Drone  
  195  48:03  Zergling x2  
  196  48:14  Corruptor  
  196  48:15  Corruptor  
  198  48:45  Drone x3  
  199  48:55  Zergling x10  
  167  49:23  Corruptor x7  
  128  49:26  Corruptor x11  
  128  49:27  Queen x3  
  128  49:28  Queen  
  128  49:29  Zergling x42  
  163  49:37  Zergling x4  
  147  49:47  Queen x2  
  147  49:48  Corruptor, Viper  
  147  49:49  Corruptor  
  150  50:03  Queen  
  137  50:09  Zergling x14  
  91  50:40  Queen x2  
  50  52:11  Zergling x2  
  43  53:55  Zergling x2  
Show
View Real Time Build Order
Export as new Build Order

Classic Protoss - Winner!

Build Orders: 1 Gate Expand, Oracle Opening 

Get SALT Encoding   

  12  0:00  Probe  
  13  0:12  Probe  
  14  0:17  Pylon  
  14  0:24  Probe  
  15  0:32  Probe  
  15  0:37  Gateway  
  15  0:40  Probe  
  16  0:46  Assimilator  
  17  0:50  Probe  
  18  1:03  Probe  
  19  1:15  Probe  
  20  1:22  Nexus  
  20  1:34  Cybernetics Core  
  20  1:36  Probe  
  21  1:41  Assimilator  
  21  1:48  Probe  
  21  1:52  Pylon  
  22  2:00  Probe, Adept  
  23  2:12  Probe  
  23  2:15  Stargate  
  26  2:22  Warp Gate  
  26  2:24  Probe  
  27  2:30  Adept  
  27  2:31  Probe  
  27  2:32  Probe  
  31  2:39  Probe  
  31  2:40  Probe  
  32  2:49  Probe  
  32  2:51  Oracle, Probe  
  35  3:01  Probe  
  35  3:03  Probe  
  40  3:09  Pylon  
  40  3:13  Probe  
  40  3:15  Probe  
  40  3:17  Gateway, Oracle  
  40  3:18  Adept  
  44  3:25  Probe  
  45  3:27  Probe  
  49  3:37  Probe  
  49  3:39  Probe  
  51  3:48  Nexus  
  51  3:51  Pylon  
  51  3:57  Probe x2  
  51  4:02  Assimilator  
  53  4:04  Assimilator, Twilight Council  
  53  4:13  Gateway  
  53  4:15  Resonating Glaives, Gateway  
  53  4:21  Probe x2  
  55  4:24  Adept x2  
  55  4:29  Pylon  
  59  4:31  Forge  
  59  4:34  Probe  
  59  4:37  Probe  
  61  4:46  Pylon  
  61  4:50  Adept x2  
  65  4:56  Probe x2  
  67  5:03  Pylon  
  67  5:04  Probe  
  68  5:07  Adept  
  68  5:08  Probe x2  
  68  5:11  Adept x3  
  78  5:14  Protoss Ground Weapons Level 1  
  78  5:18  Probe  
  78  5:20  Probe  
  80  5:29  Probe  
  80  5:31  Probe  
  80  5:32  Probe, Adept x3  
  80  5:34  Adept  
  91  5:46  Probe x3  
  91  5:52  Shield Battery  
  91  5:56  Adept x2  
  91  5:57  Adept x2  
  99  6:04  Probe x2  
  101  6:09  Probe  
  100  6:16  Probe x2  
  100  6:19  Gateway  
  100  6:21  Gateway  
  100  6:23  Gateway  
  100  6:25  Gateway, Blink  
  98  6:26  Pylon  
  98  6:28  Pylon  
  96  6:34  Oracle  
  96  6:37  Stalker x4  
  84  6:49  Assimilator x2  
  84  6:51  Probe x3  
  84  6:52  Shield Battery  
  87  6:55  Pylon  
  87  6:56  Templar Archives  
  87  6:58  Shield Battery  
  87  7:06  Stalker x3  
  93  7:10  Protoss Ground Weapons Level 2  
  93  7:11  Stalker  
  93  7:15  Probe x3  
  97  7:16  Psionic Storm  
  98  7:23  Robotics Facility  
  98  7:35  High Templar x2  
  98  7:46  High Templar  
  100  7:52  High Templar  
  100  7:54  Pylon  
  100  7:57  Stalker  
  104  7:59  Stalker  
  104  8:02  Nexus, Warp Prism  
  104  8:04  Pylon  
  106  8:10  Stalker x3  
  114  8:17  Pylon  
  114  8:18  Probe x3  
  117  8:25  Stalker x5  
  127  8:34  Probe x3, Charge  
  127  8:37  Pylon  
  130  8:44  Stalker x3  
  136  8:53  Stalker x4  
  136  8:55  Photon Cannon  
  144  9:00  Stalker  
  146  9:03  Photon Cannon  
  146  9:12  Stalker x3  
  146  9:16  Stalker x2  
  148  9:27  Archon  
  114  9:39  Protoss Ground Weapons Level 3, High Templar x2, Zealot x5  
  114  9:41  Probe x4  
  114  9:42  Observer, Assimilator  
  132  9:46  High Templar  
  132  9:47  Assimilator  
  135  9:53  Probe  
  135  9:54  Photon Cannon  
  135  9:56  Probe x2  
  138  10:02  Zealot x3  
  138  10:03  Zealot x2  
  152  10:21  Photon Cannon  
  152  10:25  Immortal, Stargate  
  152  10:27  Fleet Beacon  
  152  10:39  Nexus  
  152  10:40  High Templar x2  
  152  10:41  Pylon  
  152  10:42  High Templar  
  158  10:46  Photon Cannon  
  158  10:49  Photon Cannon  
  158  10:52  Photon Cannon  
  158  10:57  Pylon  
  158  11:00  Immortal  
  150  11:04  Archon  
  150  11:05  Zealot x4  
  150  11:06  Tempest, Zealot  
  150  11:07  Tempest  
  168  11:24  Mothership  
  176  11:29  Immortal  
  176  11:30  High Templar  
  178  11:33  Photon Cannon  
  178  11:35  Shield Battery, Photon Cannon  
  178  11:37  Probe x3  
  185  11:43  Pylon  
  185  11:44  Zealot  
  185  11:46  Photon Cannon  
  177  11:55  Zealot  
  177  11:56  Zealot x5  
  177  12:09  Tempest  
  177  12:13  Tempest  
  185  12:19  Pylon  
  185  12:20  Pylon  
  185  12:21  Pylon  
  185  12:24  Photon Cannon  
  185  12:26  Photon Cannon  
  185  12:30  Pylon  
  185  12:38  Observer  
  185  12:40  High Templar  
  185  12:41  High Templar x3  
  193  12:44  Nexus  
  193  12:46  Pylon  
  193  12:49  Archon  
  193  12:50  Archon  
  189  13:06  Tempest x2  
  180  13:14  Zealot x8  
  196  13:23  Observer  
  189  13:37  Tempest  
  189  13:41  Observer, Tempest  
  173  13:43  High Templar  
  173  13:44  Zealot x7  
  190  13:55  Photon Cannon  
  198  13:56  Photon Cannon  
  198  13:57  Shield Battery  
  198  13:59  Observer  
  199  14:03  Protoss Shields Level 1  
  199  14:04  Probe  
  199  14:07  Unknown  
  200  14:21  Photon Cannon  
  200  14:23  Dark Shrine  
  190  14:38  Zealot x5  
  185  15:04  Zealot x7  
  193  15:30  Nexus  
  193  15:32  Pylon, Mothership  
  193  15:33  Immortal  
  187  15:46  Zealot x2  
  187  15:49  High Templar x2, Zealot x4  
  197  16:02  Probe x3  
  197  16:04  Assimilator  
  200  16:05  Assimilator  
  200  16:08  Immortal  
  200  16:14  Protoss Air Weapons Level 1  
  192  16:30  Zealot x6  
  200  16:54  Tempest x2  
  178  17:02  Archon  
  178  17:03  Archon  
  178  17:05  Immortal  
  150  17:09  Zealot x8  
  164  17:18  Assimilator  
  164  17:21  Assimilator  
  164  17:25  Photon Cannon  
  164  17:27  Photon Cannon, Tempest x2  
  164  17:28  Photon Cannon  
  152  17:30  Photon Cannon  
  152  17:32  Photon Cannon  
  152  17:34  Immortal, Shield Battery  
  152  17:35  High Templar x7  
  152  17:36  High Templar  
  168  17:39  Archon x2  
  168  17:40  Archon  
  176  17:50  Probe x6  
  174  18:01  Tempest  
  174  18:10  High Templar x2  
  174  18:12  High Templar x2  
  190  18:14  Probe  
  190  18:15  Probe  
  192  18:21  High Templar  
  192  18:22  High Templar x3  
  192  18:23  Oracle  
  200  18:27  Archon x2  
  197  18:52  Photon Cannon  
  197  18:54  Photon Cannon  
  197  18:56  Photon Cannon  
  197  18:59  Pylon  
  197  19:01  Dark Templar  
  180  19:37  Pylon, Nexus  
  170  19:53  Zealot x8  
  170  19:57  Oracle  
  170  19:58  Oracle  
  182  20:00  Observer  
  183  20:20  Photon Cannon, High Templar x2  
  187  20:21  High Templar x3  
  187  20:22  High Templar x3  
  187  20:26  Archon x3  
  199  20:42  Observer  
  199  20:44  Photon Cannon  
  199  20:45  Photon Cannon x2  
  200  20:50  Pylon  
  195  21:10  Carrier x2  
  176  21:36  Protoss Air Weapons Level 2  
  176  21:37  Zealot  
  172  21:48  Protoss Shields Level 2  
  172  22:00  High Templar x2  
  176  22:03  Carrier x2  
  186  22:30  Photon Cannon  
  186  22:33  Photon Cannon  
  186  22:35  Zealot  
  188  22:53  Observer  
  188  22:57  Carrier x2  
  188  22:58  Nexus  
  189  22:59  Pylon  
  199  23:23  Photon Cannon  
  199  23:24  Gateway, Photon Cannon  
  199  23:25  Photon Cannon  
  199  23:27  Shield Battery  
  199  23:28  Gateway  
  198  23:59  Photon Cannon  
  198  24:00  Photon Cannon  
  198  24:02  Pylon  
  198  24:10  Assimilator  
  198  24:11  Assimilator  
  196  24:30  Protoss Air Weapons Level 3  
  196  24:41  Photon Cannon  
  196  24:42  Photon Cannon  
  196  24:43  Shield Battery  
  196  24:48  Protoss Shields Level 3  
  196  25:01  High Templar x2  
  200  25:17  Carrier x2  
  200  26:03  Carrier  
  200  26:04  Carrier  
  200  26:08  Pylon  
  188  26:21  Nexus  
  200  26:38  Photon Cannon  
  200  26:40  Photon Cannon  
  200  26:42  Shield Battery  
  200  26:48  Nexus  
  200  27:19  High Templar  
  200  27:20  High Templar  
  200  27:22  Protoss Air Armor Level 1  
  197  28:07  Protoss Ground Armor Level 1  
  197  28:12  Photon Cannon  
  196  28:35  Dark Templar  
  198  28:41  Archon  
  198  28:45  Dark Templar  
  198  28:47  Pylon  
  196  29:06  Zealot x2  
  199  29:14  Archon  
  196  29:33  Photon Cannon  
  196  29:35  Photon Cannon  
  196  29:48  Oracle  
  196  30:17  High Templar x2  
  194  30:46  Oracle x2  
  193  31:11  Observer  
  194  31:25  Pylon  
  194  31:35  Protoss Air Armor Level 2  
  192  31:53  Carrier  
  192  31:54  Carrier  
  199  32:15  High Templar  
  191  32:36  Protoss Ground Armor Level 2  
  191  32:46  Nexus  
  191  32:48  Pylon, Oracle  
  191  32:53  Dark Templar  
  194  33:31  Carrier  
  182  34:21  Carrier  
  182  34:28  Oracle  
  188  34:34  Nexus  
  188  34:35  Pylon  
  188  34:37  Observer  
  192  34:51  Observer  
  193  35:07  Carrier  
  199  35:20  Protoss Air Armor Level 3  
  198  36:09  Archon  
  194  36:14  High Templar x2  
  194  36:15  High Templar  
  193  36:31  Carrier  
  198  36:44  Nexus  
  198  36:45  Zealot  
  200  37:01  Photon Cannon x2  
  200  37:02  Photon Cannon  
  200  37:04  Shield Battery  
  199  37:26  Pylon  
  199  37:28  Pylon x2  
  198  38:07  Nexus  
  198  38:10  Pylon  
  198  38:32  Photon Cannon  
  198  38:33  Photon Cannon  
  198  38:35  Shield Battery  
  196  39:02  Dark Templar x2  
  200  39:33  Archon  
  199  40:03  Photon Cannon  
  196  40:17  Dark Templar  
  196  40:18  Dark Templar  
  198  40:33  Pylon  
  198  40:34  Pylon  
  198  40:36  Pylon  
  198  40:57  Pylon  
  196  41:16  Probe  
  196  41:24  Probe  
  198  41:34  Probe  
  199  41:46  Probe  
  194  41:58  Probe  
  195  42:17  Pylon  
  195  42:20  Pylon  
  193  42:22  Pylon  
  193  42:25  Pylon  
  193  42:33  Carrier  
  193  42:42  Pylon  
  199  42:44  Pylon  
  199  42:45  Probe  
  200  43:34  Shield Battery, Photon Cannon  
  198  44:09  Nexus  
  198  44:20  Observer  
  199  44:38  Observer  
  200  44:46  Observer  
  200  45:02  Nexus  
  199  45:46  Observer  
  198  46:00  Dark Templar  
  198  46:25  Zealot  
  200  46:38  Cybernetics Core  
  200  47:14  Probe  
  199  47:26  Probe  
  199  47:38  Probe  
  198  48:20  Probe  
  199  48:28  Probe  
  198  48:37  Zealot  
  200  48:44  Zealot  
  199  48:55  Probe  
  194  49:13  Stalker x4  
  194  49:14  Stalker x5  
  97  49:34  Archon  
  79  49:46  Stalker x7  
  79  49:47  Stalker x2  
  79  49:51  Probe  
  93  50:03  Probe  
  80  50:21  Zealot x8  
  40  51:03  Probe  
  39  51:11  Probe  
  40  51:21  Probe  
  39  51:52  Probe  
  40  52:28  Zealot x6  
  52  53:46  Zealot  
  52  53:47  Zealot  
  52  54:12  Zealot x2  
  53  54:47  Zealot  
Tags
 
Add a new tag
Caveats
  • Supply blocks, unpowered buildings, or Contaminate may cause inaccurate times.
  • Supply counts are checked every 10 seconds.